 Dungeon Crawl Stone Soup version 0.23.2-1-ga50397a (webtiles) character file.

Game seed: 13805977157579412550

84 mopl the Ruffian (level 4, 0/52 HPs)
             Began as a Minotaur Transmuter on May 11, 2019.
             Succumbed to an adder's poison
             ... on level 2 of the Dungeon.
             The game lasted 00:01:43 (1258 turns).

mopl the Ruffian (Minotaur Transmuter)              Turns: 1258, Time: 00:01:43

Health: 0/52       AC:  3    Str: 20    XL:     4   Next: 24%
Magic:  6/6        EV: 12    Int: 11    God:
Gold:   56         SH:  0    Dex: 10    Spells: 4/7 levels left

rFire    . . .     SeeInvis .     - Unarmed
rCold    . . .     Gourm    .   (no shield)
rNeg     . . .     Faith    .   b - +0 robe
rPois    .         Spirit   .   (helmet restricted)
rElec    .         Reflect  .   (no cloak)
rCorr    .         Harm     .   p - +0 pair of gloves
MR       .....                  (no boots)
Stlth    ..........             j - amulet of magic regeneration
HPRegen  0.17/turn              (no ring)
MPRegen  0.35/turn              (no ring)

@: berserking (expiring), lethally poisoned (0 -> -9), very quick
A: retaliatory headbutt, horns 2
a: no special abilities


You were on level 2 of the Dungeon.
You were not hungry.

You visited 1 branch of the dungeon, and saw 2 of its levels.

You collected 56 gold pieces.

Inventory:

Hand Weapons
 q - a +0 hunting sling
Missiles
 a - 34 arrows
 f - 31 stones (quivered)
 n - 12 poisoned needles
Armour
 b - a +0 robe (worn)
 p - a +0 pair of gloves (worn)
Jewellery
 j - an amulet of magic regeneration (around neck)
Scrolls
 e - 3 scrolls of identify {unknown}
 g - a scroll of enchant weapon {unknown}
 h - a scroll of noise {unknown}
 m - a scroll of random uselessness {unknown}
 o - a scroll of enchant armour {unknown}
Potions
 c - 2 potions of berserk rage {!q}
 i - a potion of mutation {unknown}
 l - a potion of ambrosia {unknown}
Comestibles
 d - 7 rations


   Skills:
 - Level 1.2 Fighting
 - Level 2.1 Dodging
 + Level 4.3 Unarmed Combat
 - Level 2.0 Spellcasting
 + Level 2.5 Transmutations


You had 4 spell levels left.
You knew the following spells:

 Your Spells              Type           Power        Failure   Level  Hunger
a - Beastly Appendage     Tmut           #.....       10%         1    ##.....
w - Sticks to Snakes      Tmut           #.......     16%         2    ###....

Your spell library contained the following spells:

 Spells                   Type           Power        Failure   Level  Hunger
 Spider Form              Tmut/Pois      #.........   45%         3    ####...
 Ice Form                 Ice/Tmut       #.......     86%         4    #####..
 Blade Hands              Tmut           #.........   95%         5    ######.


Dungeon Overview and Level Annotations

Branches:
Dungeon (2/15)

Altars:


Innate Abilities, Weirdness & Mutations

You reflexively headbutt those who attack you in melee.
You have a pair of horns on your head.


Message History

The adder poisons you!
You hit the adder. Your headbutt misses the adder.
The adder is almost dead.
* * * LOW HITPOINT WARNING * * *
You feel sick. The adder bites you.
* * * LOW HITPOINT WARNING * * *
It was a potion of berserk rage.
A red film seems to cover your vision as you go berserk!
You feel yourself moving faster!
You feel mighty!
* * * LOW HITPOINT WARNING * * *
You feel sick. The adder bites you but does no damage. The adder bites you.
* * * LOW HITPOINT WARNING * * *
You punch the adder!
You kill the adder!
* * * LOW HITPOINT WARNING * * *
You feel sick.
You are too berserk!
You see here an adder corpse.
You feel a strong urge to attack something.
You die...

#.#.......#
#.........#
###.......#
#.......#
#.......#
####.#..#
#.#..#
##†#..###
#.@.....#
#.......#
#.<.....#
#..........#
#..........#
#........#..#
..#.......#
.#
###.#.#.####
# ##.##.#


There were no monsters in sight!

Vanquished Creatures
  4 adders (D:2)
  An ooze (D:1)
  2 dart slugs
  A ball python (D:1)
  3 bats
  A giant cockroach (D:1)
  7 goblins
  4 hobgoblins
  7 jackals (D:2)
  2 kobolds
  A quokka (D:2)
  A frilled lizard (D:1)
  4 rats
38 creatures vanquished.

Notes
Turn   | Place    | Note
-------+----------+-------------------------------------------
     0 | D:1      | mopl the Minotaur Transmuter began the quest for the Orb.
     0 | D:1      | Reached XP level 1. HP: 16/16 MP: 1/1
   108 | D:1      | Reached XP level 2. HP: 19/23 MP: 1/3
   294 | D:1      | Learned a level 2 spell: Sticks to Snakes
   333 | D:1      | Reached skill level 2 in Transmutations
   814 | D:2      | Reached XP level 3. HP: 27/28 MP: 4/4
   994 | D:2      | Reached skill level 4 in Unarmed Combat
  1007 | D:2      | Reached skill level 2 in Spellcasting
  1245 | D:2      | Reached XP level 4. HP: 22/35 MP: 6/6
  1255 | D:2      | HP: 1/52 [adder (2)]
  1258 | D:2      | Succumbed to an adder's poison

Skill      XL: |  1  2  3 |
---------------+----------+-----
Transmutations | 2 |  2.5
Unarmed Combat | 4 |  4.3
Spellcasting   | 2 |  2.0
Fighting       | |  1.2
Dodging        | |  2.1

Action                   |  1- 3 |  4- 6 || total
-------------------------+-------+-------++-------
Melee: Unarmed           |    95 |    10 ||   105
       Punch             |     1 |       ||     1
       Headbutt          |     8 |       ||     8
       Kick              |     3 |       ||     3
 Cast: Beastly Appendage |     2 |       ||     2
  Use: Potion            |       |     1 ||     1
  Eat: Chunk             |     1 |       ||     1
Armor: Robe              |    18 |     3 ||    21
Dodge: Dodged            |    78 |     5 ||    83
